 Dungeon Crawl Stone Soup version 0.31-a0-960-g0fca184906 (webtiles) character file.

Game seed: 15704698060363050946

4140 farilari the Cleaver (level 10, 0/86 HPs)
             Began as a Hill Orc Fighter on Oct 23, 2023.
             Was a Follower of Qazlal.
             Slain by a komodo dragon (23 damage)
             ... on level 9 of the Dungeon.
             The game lasted 00:22:26 (8425 turns).

farilari the Cleaver (Hill Orc Fighter)             Turns: 8425, Time: 00:22:26

Health: 0/86       AC: 11    Str: 24    XL:     10   Next: 27%
Magic:  13/13      EV: 10    Int:  8    God:    Qazlal [*.....]
Gold:   495        SH:  6    Dex: 10    Spells: 9/9 levels left

rFire   . . .        a - +2 hand axe (freeze)
rCold   . . .        c - +0 buckler
rNeg    . . .        b - +0 scale mail
rPois   .            (no helmet)
rElec   .            (no cloak)
rCorr   .            M - +1 pair of gloves
SInv    +            s - +0 pair of boots
Will    +....        (no amulet) Stlth
                     i - ring of see invisible
HPRegen 0.34/turn    Q - ring of willpower
MPRegen 0.13/turn

%: no passive effects
@: no status effects
A: no striking features
a: Renounce Religion


You were on level 9 of the Dungeon.
You worshipped Qazlal.
Qazlal was aware of your devotion.
You visited 2 branches of the dungeon, and saw 10 of its levels.

You collected 495 gold pieces.

Inventory:

Hand Weapons
 a - a +2 hand axe of freezing (weapon)
 d - a +1 heavy dire flail
 j - a +0 spear
 k - a +0 halberd
 m - a +0 battleaxe
 o - a +2 quarterstaff of speed
 p - a +0 scythe
 t - a +0 orcbow
 x - a +0 war axe
 y - a +0 sling
 L - a +2 halberd of protection
 R - a +2 whip of draining
 T - a +2 shortbow of electrocution
Missiles
 g - 17 poisoned darts
 q - 2 throwing nets
 A - 13 boomerangs
 B - 3 curare-tipped darts (quivered)
Armour
 b - a +0 scale mail (worn)
 c - a +0 buckler (worn)
 s - a +0 pair of boots (worn)
 M - a +1 pair of gloves (worn)
 U - a +0 plate armour of fire resistance
Jewellery
 i - a ring of see invisible (left hand)
 r - a ring of flight
 G - a +6 ring of intelligence
 J - a ring of positive energy
 P - a ring of protection from cold
 Q - a ring of willpower (right hand)
Talismans
 h - a blade talisman
 v - a beast talisman
 I - a serpent talisman
Wands
 f - a wand of iceblast (12)
 w - a wand of acid (6)
Scrolls
 e - 4 scrolls of fog
 n - 2 scrolls of noise
 u - a scroll of teleportation
 z - 2 scrolls of immolation
 C - a scroll of poison
 H - 2 scrolls of amnesia
 K - a scroll of vulnerability
 O - a scroll of enchant weapon
Potions
 l - 2 potions of enlightenment
 D - 3 potions of attraction
 E - a potion of mutation {unknown}
 F - 2 potions of heal wounds {unknown}
 S - a potion of might


   Skills:
 + Level 7.6 Fighting
 * Level 10.7 Axes
 + Level 4.8 Throwing
 + Level 6.8 Armour
 + Level 2.1 Dodging
 - Level 5.0 Shields
 * Level 5.2 Invocations
 + Level 4.2 Evocations


You had 9 spell levels left.
You didn't know any spells.
Your spell library contained the following spells:

 Spells                   Type           Power      Damage    Failure   Level
 Magic Dart               Conj           0%         1d3       75%         1
 Necrotise                Necr           0%         1d4       75%         1
 Call Imp                 Summ           0%         N/A       87%         2
 Ensorcelled Hibernation  Hex/Ice        0%         N/A       87%         2
 Lesser Beckoning         Tloc           0%         N/A       87%         2
 Passwall                 Tmut/Erth      0%         N/A       87%         2
 Sublimation of Blood     Necr           0%         N/A       87%         2
 Wereblood                Tmut           0%         N/A       87%         2
 Gell's Gravitas          Tloc           0%         N/A       98%         3
 Mephitic Cloud           Conj/Pois/Air  0%         N/A       98%         3
 Swiftness                Air            0%         N/A       98%         3
 Teleport Other           Tloc           0%         N/A       98%         3
 Vampiric Draining        Necr           0%         2d6       98%         3
 Agony                    Necr           0%         N/A       100%        5
 Summon Hydra             Summ           0%         N/A       100%        7


Dungeon Overview and Level Annotations

Branches:
Dungeon (9/15)             Temple (1/1) D:6            Lair (0/5) D:9
    Orc: D:9-12

Altars:
Ashenzari
Dithmenos
Elyvilon
Gozag
Hepliaklqana
Kikubaaqudgha
Makhleb
Nemelex Xobeh
Qazlal
Ru
Sif Muna
Trog
Uskayaw
Vehumet
Wu Jian
Xom
Yredelemnul
Zin
The Shining One

Annotations:
D:7 exclusion: upstairs


Message History

You closely miss the bullfrog.
The bullfrog is heavily wounded.
The bullfrog hits you but does no damage.
You slash the bullfrog!
The bullfrog seems to slow down.
You freeze the bullfrog.
You kill the bullfrog!
Qazlal accepts your kill.
Throw: 4 darts (curare)
Press: ? - help, Q - select action, (/) - cycle Shift-Dir - straight line, f - komodo dragon
Aim: a komodo dragon (67% to hit)
You throw a curare-tipped dart.
The curare-tipped dart hits the komodo dragon.
The komodo dragon is poisoned.
The komodo dragon convulses.
The komodo dragon seems to slow down.
The komodo dragon is lightly wounded.
The komodo dragon bites you!
You hit the komodo dragon but do no damage.
The komodo dragon is lightly wounded.
You barely miss the komodo dragon.
The komodo dragon is lightly wounded.
The komodo dragon bites you!
You closely miss the komodo dragon.
The komodo dragon is lightly wounded.
You closely miss the komodo dragon.
The komodo dragon is lightly wounded.
The komodo dragon bites you!!
* * * LOW HITPOINT WARNING * * *
You hit the komodo dragon. You freeze the komodo dragon.
The komodo dragon is moderately wounded.
A howler monkey comes into view.
Unknown command.
You hit the komodo dragon. You freeze the komodo dragon.
The komodo dragon is moderately wounded.
The komodo dragon hisses menacingly.
The komodo dragon bites you but does no damage.
You slash the komodo dragon! You freeze the komodo dragon.
The komodo dragon is almost dead.
The howler monkey hoots and howls with incredible vigour!
The komodo dragon bites you!!
You die...

#...# #..# #.#
########...# #..#
#.# ...........#
#..# #.#
...........#####..#
#.#
..................#
#.#
#....###..........#
#.# #....#
#..#####h..# #.#
#....# #..# #.l.#
#.# #....# #..#
#.@☼# #.# #....#
#..#####...#####.#
#....#
#................#
######
##################


You could see a komodo dragon (poisoned, slow) and a howler monkey (catching
breath).

Vanquished Creatures
  Harold (D:9)
  Psyche (D:9)
  A hornet (D:5)
  Sigmund (D:3)
  A wyvern (D:8)
  A human (D:8)
  2 steam dragons
  Edmund (D:4)
  A water moccasin (D:6)
  3 orc warriors
  An ice beast (D:5)
  A phantom (D:6)
  A kobold brigand (D:6)
  3 bullfrogs
  5 scorpions
  7 wights
  2 howler monkeys
  4 hounds
  2 orc priests
  3 iguanas
  A sleepcap (D:5)
  5 orc wizards
  7 gnolls
  6 adders
  4 shadow imps
  4 ufetubi
  2 worms (D:2)
  3 dart slugs
  19 orcs
  4 endoplasms
  3 giant cockroaches
  5 goblins
  8 hobgoblins
  3 jackals (D:3)
  14 kobolds
  7 quokkas
  7 ball pythons
  6 bats
  5 frilled lizards
  2 jackal zombies (D:8)
  9 rats
166 creatures vanquished.

Notes
Turn   | Place    | Note
-------+----------+-------------------------------------------
     0 | D:1      | farilari the Hill Orc Fighter began the quest for the Orb.
     0 | D:1      | Reached XP level 1. HP: 19/19 MP: 1/1
     8 | D:1      | Found a faded altar of an unknown god.
   209 | D:1      | Reached skill level 3 in Axes
   240 | D:1      | Reached XP level 2. HP: 25/27 MP: 2/2
   824 | D:1      | Reached XP level 3. HP: 27/33 MP: 3/3
   903 | D:2      | Reached skill level 4 in Axes
   971 | D:2      | Reached XP level 4. HP: 29/40 MP: 4/4
  1356 | D:1      | Reached skill level 1 in Throwing
  1611 | D:1      | Reached XP level 5. HP: 42/46 MP: 5/5
  1812 | D:3      | Noticed Sigmund
  1826 | D:3      | Killed Sigmund
  1827 | D:3      | Reached skill level 5 in Axes
  1827 | D:3      | Reached XP level 6. HP: 36/53 MP: 6/6
  2329 | D:4      | Noticed Edmund
  2349 | D:4      | Killed Edmund
  2350 | D:4      | Reached skill level 5 in Fighting
  2350 | D:4      | Reached skill level 6 in Axes
  2350 | D:4      | Reached XP level 7. HP: 40/61 MP: 7/7
  2596 | D:4      | Found a shadowy altar of Dithmenos.
  3009 | D:5      | Entered Level 5 of the Dungeon
  3396 | D:5      | Reached skill level 7 in Axes
  3396 | D:5      | Reached skill level 5 in Armour
  3396 | D:5      | Reached skill level 5 in Shields
  3396 | D:5      | Reached skill level 1 in Evocations
  3396 | D:5      | Reached XP level 8. HP: 28/69 MP: 8/8
  3543 | D:5      | Noticed a hornet
  3550 | D:5      | Killed a hornet
  3951 | D:5      | Reached skill level 8 in Axes
  5013 | D:6      | Reached XP level 9. HP: 76/78 MP: 9/9
  5040 | D:6      | Found a staircase to the Ecumenical Temple.
  5259 | D:7      | Reached skill level 9 in Axes
  5954 | Temple   | Entered the Ecumenical Temple
  5989 | Temple   | Became a worshipper of Qazlal Stormbringer
  6087 | D:7      | Reached skill level 1 in Invocations
  6552 | D:8      | Found a runed translucent door.
  6557 | D:8      | Found a basalt altar of Yredelemnul.
  7266 | D:8      | Reached skill level 1 in Dodging
  7509 | D:9      | Identified the of Sissif
  7515 | D:9      | Found a staircase to the Lair.
  7515 | D:9      | Noticed a komodo dragon
  7843 | D:8      | Reached skill level 10 in Axes
  8227 | D:9      | Noticed Psyche
  8234 | D:9      | Killed Psyche
  8235 | D:9      | Reached XP level 10. HP: 76/86 MP: 13/13
  8349 | D:9      | Noticed Harold
  8370 | D:9      | Killed Harold
  8370 | D:9      | Reached * piety under Qazlal
  8371 | D:9      | Reached skill level 5 in Invocations
  8425 | D:9      | Slain by a komodo dragon

Illustrated notes

Levels and vault maps discovered:
D:1:      ebering_trefoil_3fold, layout_basic,
          ebering_ecumenical_altar_sacrificial
D:2:      layout_rooms
D:3:      layout_basic, uniq_sigmund
D:4:      layout_basic, mainiacjoe_overflow_cross_hatched,
          grunt_decor_resistance, uniq_edmund
D:5:      layout_loops_corners
D:6:      layout_loops_ring, minmay_temple_entry_from_below_b
D:7:      layout_loops_ring
D:8:      layout_basic, dk_yredelemnul_ordeal
D:9:      layout_small_grid, slow_altar_2, david_lair_shrubbed, serial_shops,
          shop, uniq_psyche, uniq_harold
Temple:   bh_familiar_temple

Skill      XL: |  1  2  3  4  5  6  7  8  9 10 |
---------------+-------------------------------+-----
Axes           | 3 4 5 6 7 8 10 | 10.7
Fighting       | 4 5 6 7 |  7.6
Throwing       | 1 2 3 4 |  4.8
Armour         | 4 5 6 |  6.8
Shields        | 4 5 |  5.0
Evocations     | 1 2 4 |  4.2
Invocations    | 4 5 |  5.2
Dodging        | 1 2 |  2.1

Action                     |  1- 3 |  4- 6 |  7- 9 | 10-12 || total
---------------------------+-------+-------+-------+-------++-------
  Melee: War axe           |    86 |   116 |    23 |       ||   225
         Hand axe          |       |       |   401 |    32 ||   433
  Throw: Dart              |       |     6 |    18 |     3 ||    27
         Boomerang         |       |       |     4 |       ||     4
  Evoke: Wand              |       |       |     1 |       ||     1
    Use: Potion            |       |     2 |     7 |       ||     9
         Scroll            |       |       |     9 |       ||     9
   Stab: Distracted        |       |       |     1 |       ||     1
 Armour: Scale mail        |    62 |    79 |   223 |    15 ||   379
         Skin              |       |       |    18 |       ||    18
  Dodge: Dodged            |    50 |    51 |   123 |     3 ||   227
  Block: Buckler           |    12 |    28 |    78 |     5 ||   123

Table legend: (Time is in decaauts)
 A = Elapsed time spent in this place.
 B = Non-inter-level travel time spent in this place.
 C = Inter-level travel time spent in this place.
 D = Time resting spent in this place.
 E = Time spent auto-exploring this place.
 F = Levels seen in this place.
 G = Mean time per level.
                   A        B        C        D        E       F      G
               +--------+--------+--------+--------+--------+-----+--------+
         Total |   8418 |   7958 |    460 |   1174 |   5003 |  10 |  841.8 |
       Dungeon |   8353 |   7949 |    404 |   1174 |   5003 |   9 |  928.1 |
        Temple |     64 |      8 |     56 |      0 |      0 |   1 |   64.0 |
               +--------+--------+--------+--------+--------+-----+--------+

Top non-repeatable levels by time:
     D:8: 1385 daAuts
     D:5: 1311 daAuts
     D:7: 1189 daAuts
     D:6: 1125 daAuts
     D:1: 1103 daAuts
     D:4: 666 daAuts
     D:2: 662 daAuts
     D:3: 648 daAuts
     D:9: 259 daAuts
  Temple: 64 daAuts
